 Dungeon Crawl Stone Soup version 0.31-a0-609-g7bf6ffcfed (webtiles) character file.

Game seed: 8653435768527328490

482 BubbleThief the Ruffian (level 7, -1/50 HPs)
             Began as an Octopode Shapeshifter on Aug 21, 2023.
             Slain by a black bear (3 damage)
             ... on level 4 of the Dungeon.
             The game lasted 00:04:02 (2823 turns).

BubbleThief the Ruffian (Octopode Shapeshifter)     Turns: 2823, Time: 00:04:03

Health: -1/50      AC:  1    Str: 16    XL:     7   Next: 12%
Magic:  7/7        EV: 13    Int: 16    God:
Gold:   212        SH:  0    Dex: 13    Spells: 6/6 levels left

rFire   . .          .
                       - Unarmed
rCold   . . .        (no shield)
rNeg    . . .        (helmet currently unavailable)
rPois   .            (no amulet)
rElec   .            i - +6 ring of intelligence
rCorr   .            (no ring)
SInv    .            (no ring)
Will    .....        (no ring)
Stlth   ++           (no ring)
HPRegen 0.28/turn    (no ring)
MPRegen 0.10/turn    (no ring)
                     (no ring)

%: no passive effects
@: beast-form
A: beast (slay +2), almost no armour, amphibious, 8 rings, camouflage 1,
gelatinous body 1, (nimble swimmer 1), tentacles
a: Begin Untransformation


You were on level 4 of the Dungeon.
You were a hulking beast.
You visited 1 branch of the dungeon, and saw 4 of its levels.

You collected 212 gold pieces.

Inventory:

Jewellery
 i - a +6 ring of intelligence (left tentacle)
 n - an amulet of the acrobat
Talismans
 b - a beast talisman (active)
 c - a flux talisman
Scrolls
 d - a scroll of enchant weapon {unknown}
 e - 3 scrolls of identify {unknown}
 k - a scroll of vulnerability {unknown}
 m - a scroll of amnesia {unknown}
Potions
 a - a potion of lignification
 f - a potion of heal wounds {unknown}
 g - 6 potions of curing {unknown}
 h - a potion of mutation {unknown}
 j - a potion of berserk rage {unknown}
 l - a potion of might {unknown}


   Skills:
 + Level 5.1 Fighting
 - Level 2.0 Dodging
 + Level 5.9 Unarmed Combat
 - Level 3.0 Shapeshifting


You had 6 spell levels left.
You didn't know any spells.
Your spell library contained the following spells:

 Spells                   Type           Power      Damage    Failure   Level
 Wereblood                Tmut           0%         N/A       36%         2
 Gell's Gravitas          Tloc           0%         N/A       58%         3
 Teleport Other           Tloc           0%         N/A       58%         3
 Animate Dead             Necr           0%         N/A       94%         4
 Irradiate                Conj/Tmut      0%         3d11      100%        5
 Dispersal                Tloc           0%         N/A       100%        6
 Haunt                    Necr/Summ      0%         N/A       100%        7
 Infestation              Necr           0%         N/A       100%        8


Dungeon Overview and Level Annotations

Branches:
Dungeon (4/15)
 Temple: D:4-7

Altars:
Fedhas
Trog

Shops:
D:1 [   D:2 (

Annotations:
D:1 2 transporters
D:2 Robin


Innate Abilities, Weirdness & Mutations

You are a hulking beast.
Your limbs bulge with bestial killing power. (Slay +2)
You cannot wear most types of armour.
You are amphibious.
You can wear up to eight rings at the same time.
Your skin changes colour to match your surroundings (Stealth+).
Your rubbery body absorbs attacks. (AC +1, EV +1)
((You are camouflaged when in or above water. (Stealth+)))
You have tentacles for arms and can constrict up to eight enemies at once.


Message History

The black bear barely misses you. The black bear closely misses you.
You release your grip on the black bear.
The ufetubus attacks as it pursues you! The ufetubus hits you.
The ufetubus closely misses you. The ufetubus hits you. x2
You barely miss the ufetubus. Your grab misses the ufetubus.
Your tentacle-slap misses the ufetubus.
Your squeeze misses the ufetubus. The ufetubus misses you.
The ufetubus hits you.
You closely miss the ufetubus. Your grab misses the ufetubus.
The ufetubus misses you. The ufetubus hits you.
You barely miss the ufetubus. Your grab misses the ufetubus.
Your squeeze misses the ufetubus. The ufetubus barely misses you.
The ufetubus hits you. The ufetubus misses you. The ufetubus barely misses you.
You are too injured to fight recklessly!
You are too injured to fight recklessly!
You closely miss the ufetubus. Your grab misses the ufetubus.
Your squeeze misses the ufetubus. The ufetubus hits you.
The ufetubus closely misses you.
You bludgeon the ufetubus!
You kill the ufetubus!
You tentacle-slap the black bear. Your grab misses the black bear.
The black bear is lightly wounded.
The black bear bites you!
* * * LOW HITPOINT WARNING * * *
The black bear claws you.
* * * LOW HITPOINT WARNING * * *
The black bear barely misses you.
You bludgeon the black bear! Your grab misses the black bear.
The black bear is heavily wounded.
The black bear closely misses you. The black bear misses you.
The black bear claws you.
* * * LOW HITPOINT WARNING * * *
Unknown command.
You bludgeon the black bear! Your grab misses the black bear.
The black bear is severely wounded.
The black bear bites you.
* * * LOW HITPOINT WARNING * * *
The black bear claws you.
* * * LOW HITPOINT WARNING * * *
The black bear claws you.
You die...

#..........#
#....#.#########
#### ###
######.### #...
..>. .... #...#
#.##.#..##...#
#.#.# #.#
.#..#...
+.#.####.#
.....#..#
#.....##.#
#.......#
#.#......####.#
#...#......hhS#
......#.##.#.####
##.####.##.#.# #.
#.##...# .
..###..# . #.#
#..# #.. ...#
#.##


You could see a black bear and a ball python.

Vanquished Creatures
  An ogre (D:4)
  2 scorpions
  2 orc priests
  An orc wizard (D:2)
  7 adders
  An ufetubus (D:4)
  4 worms
  2 dart slugs
  9 orcs
  5 ball pythons
  8 endoplasms
  2 giant cockroaches (D:2)
  16 goblins
  10 hobgoblins
  2 jackals (D:1)
  5 quokkas
  3 bats
  5 frilled lizards
  11 kobolds
  7 rats
103 creatures vanquished.

Notes
Turn   | Place    | Note
-------+----------+-------------------------------------------
     0 | D:1      | BubbleThief the Octopode Shapeshifter began the quest for
                  | the Orb.
     0 | D:1      | Reached XP level 1. HP: 13/13 MP: 1/1
    68 | D:1      | Found Beucw's Armour Shop.
   127 | D:1      | Reached XP level 2. HP: 16/18 MP: 2/2
   262 | D:1      | Reached XP level 3. HP: 24/24 MP: 3/3
   747 | D:2      | Reached XP level 4. HP: 8/30 MP: 4/4
   939 | D:2      | Noticed Robin
   940 | D:2      | Found a blossoming altar of Fedhas.
   997 | D:2      | Found Liugen's Weapon Shop.
  1149 | D:2      | Reached XP level 5. HP: 29/36 MP: 5/5
  2092 | D:3      | Reached skill level 5 in Unarmed Combat
  2092 | D:3      | Reached XP level 6. HP: 21/43 MP: 6/6
  2440 | D:3      | Found a bloodstained altar of Trog.
  2608 | D:3      | Found a faded altar of an unknown god.
  2768 | D:4      | Reached skill level 5 in Fighting
  2768 | D:4      | Reached XP level 7. HP: 50/50 MP: 7/7
  2823 | D:4      | HP: 2/50 [black bear (4)]
  2823 | D:4      | Slain by a black bear

Illustrated notes

Levels and vault maps discovered:
D:1:      spicycebolla_arrival_transporter_tutorial, layout_loops_ring,
          serial_shops, nicolae_shop_tiny_waterfront
D:2:      layout_basic, serial_shops, shop, basic_altar, uniq_robin
D:3:      layout_basic, nicolae_overflow_ecumenical_swirl, trog_butcher_becter,
          minmay_tree_intersection, minmay_vboxes
D:4:      layout_loops_cross, marbit_many_paths, okawaru_altar_gauntlet_db,
          kennysheep_slug_shrine

Skill      XL: |  1  2  3  4  5  6 |
---------------+-------------------+-----
Fighting       | 2 3 4 5 |  5.1
Unarmed Combat | 4 5 |  5.9
Dodging        | |  2.0
Shapeshifting  | |  3.0

Action                     |  1- 3 |  4- 6 |  7- 9 || total
---------------------------+-------+-------+-------++-------
  Melee: Unarmed           |    64 |   116 |     9 ||   189
         Constrict         |    13 |    31 |     1 ||    45
         Tentacles         |     9 |    21 |       ||    30
         Punch             |     2 |     4 |       ||     6
   Stab: Sleeping          |     7 |    10 |       ||    17
         Distracted        |     1 |       |       ||     1
 Armour: Skin              |     2 |     5 |       ||     7
  Dodge: Dodged            |    31 |    50 |    16 ||    97

Table legend: (Time is in decaauts)
 A = Elapsed time spent in this place.
 B = Non-inter-level travel time spent in this place.
 C = Inter-level travel time spent in this place.
 D = Time resting spent in this place.
 E = Time spent auto-exploring this place.
 F = Levels seen in this place.
 G = Mean time per level.
                   A        B        C        D        E       F      G
               +--------+--------+--------+--------+--------+-----+--------+
         Total |   2806 |   2755 |     51 |      0 |   2193 |   4 |  701.5 |
       Dungeon |   2806 |   2755 |     51 |      0 |   2193 |   4 |  701.5 |
               +--------+--------+--------+--------+--------+-----+--------+

Top non-repeatable levels by time:
     D:2: 1038 daAuts
     D:3: 999 daAuts
     D:1: 641 daAuts
     D:4: 127 daAuts
